 Dungeon Crawl Stone Soup version 0.29.1-2-gbd0b4ee654 (webtiles) character file.

Game seed: 3790238966564000361

63 McKennaii the Grasshopper (level 3, -2/29 HPs)
             Began as a Demigod Warper on Nov 9, 2022.
             Slain by a shadow imp (3 damage)
             ... summoned by Natasha
             ... on level 2 of the Dungeon.
             The game lasted 00:01:54 (1795 turns).

McKennaii the Grasshopper (Demigod Warper)          Turns: 1795, Time: 00:01:54

Health: -2/29      AC:  3    Str: 12    XL:     3   Next: 61%
Magic:  9/9        EV: 11    Int: 19    God:
Gold:   121        SH:  0    Dex: 13    Spells: 1/6 levels left

rFire   + . .      SeeInvis .   a - +0 spear
rCold   + . .      Faith    .   (no shield)
rNeg    . . .      Spirit   .   b - +0 leather armour
rPois   .          Reflect  .   (no helmet)
rElec   .          Harm     .   n - scarf {rC+ rF+}
rCorr   .          Rampage  .   (no gloves)
Will    .....                   (no boots)
Stlth   +.........              (no amulet)
HPRegen 0.09/turn               f - ring of wizardry
MPRegen 0.11/turn               (no ring)

@: no status effects
A: high MP 1, forlorn, divine attributes
a: no special abilities


You were on level 2 of the Dungeon.
You visited 1 branch of the dungeon, and saw 2 of its levels.

You collected 121 gold pieces.

Inventory:

Hand Weapons
 a - a +0 spear (weapon)
Missiles
 d - 7 boomerangs of dispersal (quivered)
Armour
 b - a +0 leather armour (worn)
 n - a scarf of resistance (worn)
Jewellery
 f - a ring of wizardry (left hand)
Scrolls
 c - a scroll of blinking
 g - a scroll of amnesia {unknown}
 h - a scroll of fog {unknown}
 i - 2 scrolls of identify {unknown}
 j - a scroll of teleportation {unknown}
 l - a scroll of immolation {unknown}
Potions
 e - a potion of curing {unknown}
 k - 2 potions of invisibility {unknown}
 m - a potion of heal wounds {unknown}


   Skills:
 + Level 2.0 Fighting
 + Level 2.1 Polearms
 - Level 0.8 Throwing
 + Level 1.2 Armour
 + Level 2.0 Dodging
 * Level 2.3 Spellcasting
 * Level 3.2 Translocations


You had one spell level left.
You knew the following spells:

 Your Spells              Type           Power      Damage    Failure   Level
a - Blink                 Tloc           28%        N/A       3%          2
b - Gell's Gravitas       Tloc           14%        N/A       6%          3

Your spell library contained the following spells:

 Spells                   Type           Power      Damage    Failure   Level
 Shock                    Conj/Air       8%         1d3       9%          1
 Lesser Beckoning         Tloc           14%        N/A       6%          3
 Teleport Other           Tloc           14%        N/A       6%          3
 Swiftness                Air            2%         N/A       24%         3
 Manifold Assault         Tloc           14%        N/A       50%         5
 Airstrike                Air            1%         2d(1-17)  58%         4


Dungeon Overview and Level Annotations

Branches:
Dungeon (2/15)

Annotations:
D:2 Natasha, Sigmund


Innate Abilities, Weirdness & Mutations

You have an increased reservoir of magic. (+10% MP)
You shall have no god before yourself.
Your divine heritage dramatically boosts your attributes as you level up.


Message History

Found a scroll labelled HIGASEPN YQAU.
A quokka is nearby!
A quokka is nearby!
You reach to attack!
You hit the quokka.
You kill the quokka!
No target in view!
Natasha, Servant of Life and Death comes into view.
Natasha hisses angrily.
Natasha casts a spell.
There are monsters nearby!
There are monsters nearby!
Natasha howls an incantation.
Natasha glows brightly for a moment.
Natasha casts a spell at you. You resist with some effort.
You barely miss Natasha. Natasha claws you! The shadow imp barely misses you.
You hit Natasha but do no damage. Natasha closely misses you.
The shadow imp barely misses you.
You closely miss Natasha. Natasha claws you but does no damage.
The shadow imp hits you.
You hit Natasha.
Natasha is lightly wounded.
Natasha claws you but does no damage. The shadow imp closely misses you.
You hit Natasha but do no damage.
Natasha is lightly wounded.
Natasha stares at you and mumbles some strange words.
The magic dart hits you! The shadow imp hits you.
* * * LOW HITPOINT WARNING * * *
You hit Natasha.
Natasha is moderately wounded.
Natasha misses you. The shadow imp misses you.
You hit Natasha.
Natasha is moderately wounded.
Natasha barely misses you. The shadow imp misses you.
You hit Natasha but do no damage.
Natasha is moderately wounded.
Natasha claws you!
* * * LOW HITPOINT WARNING * * *
The shadow imp hits you.
You die...

..# ..# ###
########## # ##
#........#.# .#
#........#'#### .##
#?............. ..#
#.............. ..##
#.......5...... ...##
#......@h# .#..##
#........# .##..###
#........# #
.###...###........#.#
## ###..##........#.#
##.#########...#
#.......#....###
#.#.###.#.####
#.#.....#.#


You could see Natasha and a shadow imp (summoned).

Vanquished Creatures
  Natasha (D:2)
  A dart slug (D:1)
  3 ball pythons
  4 bats
  2 endoplasms (D:1)
  2 goblins
  6 hobgoblins (D:1)
  6 kobolds
  6 quokkas
  2 rats (D:1)
33 creatures vanquished.

Notes
Turn   | Place    | Note
-------+----------+-------------------------------------------
     0 | D:1      | McKennaii the Demigod Warper began the quest for the Orb.
     0 | D:1      | Reached XP level 1. HP: 17/17 MP: 5/5
    44 | D:1      | Reached skill level 1 in Armour
   182 | D:1      | Reached XP level 2. HP: 18/24 MP: 7/7
   424 | D:1      | Reached skill level 3 in Translocations
  1118 | D:2      | Noticed Sigmund
  1215 | D:2      | Noticed Natasha
  1236 | D:2      | Killed Natasha
  1237 | D:2      | Reached XP level 3. HP: 6/29 MP: 9/9
  1522 | D:2      | Learned a level 2 spell: Blink
  1526 | D:2      | Learned a level 3 spell: Gell's Gravitas
  1784 | D:2      | Noticed Natasha
  1795 | D:2      | HP: 1/29 [Natasha (7)]
  1795 | D:2      | Slain by a shadow imp

Illustrated notes

Levels and vault maps discovered:
D:1:      psy_arrival_whirlpool, layout_loops_ring,
          hellmonk_ecumenical_altar_lost_god, kennysheep_crisscross,
          nrook_mini_vaults, skrybe_limestone_x
D:2:      layout_basic, uniq_sigmund, uniq_natasha

Skill      XL: |  1  2 |
---------------+-------+-----
Armour         | 1 |  1.2
Spellcasting   | 2 |  2.3
Translocations | 3 |  3.2
Dodging        | 2 |  2.0
Fighting       | 2 |  2.0
Polearms       | 2 |  2.1
Throwing       | |  0.8

Action                   || total
-------------------------++-------
Melee: Spear             ||   137
       Punch             ||     1
Armor: Leather armour    ||    26
Dodge: Dodged            ||    70
